 Dungeon Crawl Stone Soup version 0.31-a0-188-g5e087ee2ca (webtiles) character file.

Game seed: 9003347730813616855

88 qw the Shooter (level 4, -1/25 HPs)
             Began as a Deep Elf Hunter on June 23, 2023.
             Slain by a sky beast (4 damage)
             ... on level 2 of the Dungeon.
             The game lasted 00:00:30 (1157 turns).

qw the Shooter (Deep Elf Hunter)                    Turns: 1157, Time: 00:00:31

Health: -1/25      AC:  7    Str: 10    XL:     4   Next: 30%
Magic:  6/6        EV:  9    Int: 14    God:
Gold:   91         SH:  0    Dex: 18    Spells: 3/3 levels left

rFire   . . .        Y - +2 hand crossbow (freeze)
rCold   . . .        (no shield)
rNeg    . . .        f - +0 scale mail
rPois   .            a - +0 helmet
rElec   .            (no cloak)
rCorr   .            (no gloves)
SInv    .            (no boots)
Will    .....        (no amulet)
Stlth   +            (no ring)
HPRegen 0.24/turn    (no ring)
MPRegen 0.10/turn

%: no passive effects
@: no status effects
A: no striking features
a: no special abilities


You were on level 2 of the Dungeon.
You visited 1 branch of the dungeon, and saw 3 of its levels.

You collected 91 gold pieces.


   Skills:
 - Level 1.5 Fighting
 + Level 7.7 Ranged Weapons
 - Level 2.4 Dodging
 - Level 1.2 Stealth


You had 3 spell levels left.
You didn't know any spells.
Your spell library was empty.

Inventory:

Hand Weapons
 Y - a +2 hand crossbow of freezing (weapon)
Armour
 a - a +0 helmet (worn)
 f - a +0 scale mail (worn)
Jewellery
 d - a ring of willpower
Scrolls
 b - a scroll of teleportation
 c - a scroll of revelation {unknown}
Potions
 e - a potion of might {unknown}
 g - a potion of enlightenment {unknown}
 h - a potion of mutation {unknown}

Dungeon Overview and Level Annotations

Branches:
Dungeon (3/15)

Altars:
Qazlal


Message History

You kill the jackal!
The kobold throws a stone.
The stone hits you but does no damage.
You shoot a bolt. The bolt hits the kobold.
The bolt freezes the kobold.
You kill the kobold!
A sky beast comes into view.
You shoot a bolt. The bolt closely misses the sky beast.
The sky beast flickers out of sight!
Deactivating autopickup; reactivate with Ctrl-A.
You shoot a bolt. You shoot a bolt. You shoot a bolt.
Something hits you but does no damage. x2
You shoot a bolt.
Something hits you but does no damage. x2
You shoot a bolt. Something hits you but does no damage. Something hits you.
Something shocks you.
A jackal comes into view.
1150 ||| FLEEEEING.
Something hits you. Something shocks you.
1151 ||| STILL FLEEEEING.
1152 ||| STILL FLEEEEING.
1153 ||| STILL FLEEEEING.
1154 ||| STILL FLEEEEING.
There is a stone staircase leading up here.
1155 ||| STAIRDANCE Something hits you.
Something shocks you.
You climb upwards.
Reactivating autopickup.
There is a stone staircase leading down here.
Enter note:
Enter note:
Enter note:
Enter note:
Enter note:
Enter note:
Enter note:
Enter note:
Enter note: You start resting.
Something hits you.
You die...

#......# ####....###
#......# ###.......# #
#......#######...##.%..#
#............)..###....#
###.#########..........#
#.# #####..####.#..####
#.####.....## ##.##....#
#.##...########.........
#.#....@.........#..###.
#.##############...#....
#.# ##.....#..[....###
#.# ##.............##
#.# #...............#
#.# #...............# #
#.# #...............###
#.# #..................
###.##
#................##


There were no monsters in sight!

Vanquished Creatures
  Terence (D:2)
  An adder (D:2)
  A worm (D:2)
  An orc (D:3)
  4 ball pythons
  2 endoplasms
  6 giant cockroaches
  4 goblins
  4 hobgoblins (D:1)
  4 jackals
  A quokka (D:1)
  4 bats
  8 frilled lizards
  3 kobolds
  4 rats
48 creatures vanquished.

Notes
Turn   | Place    | Note
-------+----------+-------------------------------------------
     0 | D:1      | qw the Deep Elf Hunter began the quest for the Orb.
     0 | D:1      | Reached XP level 1. HP: 12/12 MP: 3/3
     0 | D:1      | 0 ||| qw: Version: 0.3-a-9-g12657ce
     0 | D:1      | 0 ||| qw: Game counter: 3501
     0 | D:1      | 0 ||| qw: Always use a shield: true
     0 | D:1      | 0 ||| qw: God list: Okawaru
     0 | D:1      | 0 ||| qw: Allow faded altars: false
     0 | D:1      | 0 ||| qw: Do Orc after D:15 true
     0 | D:1      | 0 ||| qw: Do second Lair branch before Depths: true
     0 | D:1      | 0 ||| qw: Lair rune preference: random
     0 | D:1      | 0 ||| qw: Plans: Normal
     0 | D:1      | 0 ||| PLANNING D:1-11
    53 | D:1      | Reached XP level 2. HP: 16/16 MP: 4/4
    60 | D:1      | Reached skill level 6 in Ranged Weapons
   442 | D:1      | 442 ||| DROPPING scarf of harm.
   443 | D:1      | 443 ||| READING scroll labelled WYCKAISASCH.
   443 | D:1      | Identified a scroll of acquirement
   443 | D:1      | 443 ||| ACQUIRING +2 hand crossbow of freezing
   443 | D:1      | Acquired a +2 hand crossbow of freezing
   445 | D:1      | 445 ||| SWAPPING to +2 hand crossbow of freezing.
   446 | D:1      | 446 ||| DROPPING +0 shortbow.
   447 | D:1      | 447 ||| READING scroll labelled AXTUBB ORAARI.
   448 | D:1      | 448 ||| READING scroll labelled MYELOZ SEZAQOU.
   452 | D:1      | 452 ||| DROPPING scroll of butterflies.
   528 | D:2      | Noticed Terence
   530 | D:2      | Killed Terence
   531 | D:2      | Reached skill level 7 in Ranged Weapons
   531 | D:2      | Reached XP level 3. HP: 20/20 MP: 5/5
   643 | D:2      | Reached XP level 4. HP: 25/25 MP: 6/6
   868 | D:2      | 868 ||| UPGRADING to +0 helmet.
   873 | D:2      | 873 ||| UPGRADING to +0 scale mail.
   883 | D:2      | 883 ||| DROPPING +0 leather armour.
   884 | D:2      | 884 ||| READING scroll labelled ZUUWUJ VIOJ.
   985 | D:2      | 985 ||| READING scroll labelled RAPLUR GIJON.
  1139 | D:3      | Found a stormy altar of Qazlal.
  1143 | D:3      | Noticed a sky beast
  1150 | D:3      | 1150 ||| FLEEEEING.
  1155 | D:3      | 1155 ||| STAIRDANCE
  1155 | D:3      | HP: 2/25 [something (6)]
  1157 | D:2      | Slain by a sky beast

Levels and vault maps discovered:
D:1:      tarquinn_simple_flora_water_d, layout_rooms
D:2:      layout_rooms, uniq_terence
D:3:      layout_basic, nemelex_dance_club_becter,
          nicolae_qazlal_beasts_of_the_sky, chequers_ecumenical_altar_simple,
          amcnicky_mini_rare_corridor_liquid

Skill      XL: |  1  2 |
---------------+-------+-----
Ranged Weapons | 7 |  7.7
Fighting       | |  1.5
Dodging        | |  2.4
Stealth        | |  1.2

Action                     |  1- 3 |  4- 6 || total
---------------------------+-------+-------++-------
   Fire: Shortbow          |    60 |       ||    60
         Hand crossbow     |    10 |    29 ||    39
    Use: Scroll            |     3 |     2 ||     5
 Armour: Leather armour    |     5 |       ||     5
         Scale mail        |       |     6 ||     6
  Dodge: Dodged            |     8 |     7 ||    15

Table legend:
 A = Non-vault XP
 B = Vault XP
 C = Vault XP percentage of total XP
 D = Non-vault monster count
 E = Vault monster count
 F = Vault count percentage of total count
                 A         B        C        D         E       F
            +---------+---------+-------+---------+---------+-------
      Total |      91 |      36 |  28.3 |      47 |       1 |   2.1
            +---------+---------+-------+---------+---------+-------
        D:1 |      37 |       0 |   0.0 |      24 |       0 |   0.0
        D:2 |      43 |      36 |  45.6 |      17 |       1 |   5.6
        D:3 |      11 |       0 |   0.0 |       6 |       0 |   0.0
            +---------+---------+-------+---------+---------+-------
